 Dungeon Crawl Stone Soup version 0.29-a0-219-g0a02b1cf4f (webtiles) character file.

Game seed: 4775178110148076742

26 sammy202020 the Skirmisher (level 2, 12/24 HPs)
             Began as a Demonspawn Berserker on Feb 26, 2022.
             Was a Follower of Trog.
             Quit the game on level 1 of the Dungeon.
             The game lasted 00:03:45 (679 turns).

sammy202020 the Skirmisher (Demonspawn Berserker)    Turns: 679, Time: 00:03:45

Health: 12/24      AC:  2    Str: 17    XL:     2   Next: 89%
Magic:  2/2        EV: 12    Int:  8    God:    Trog [*.....]
Gold:   40         SH:  0    Dex: 12    Spells: 1/1 levels left

rFire   . . .      SeeInvis .   a - +0 mace
rCold   . . .      Faith    .   (no shield)
rNeg    . . .      Spirit   .   b - +0 animal skin
rPois   .          Reflect  .   (helmet restricted)
rElec   .          Harm     .   (no cloak)
rCorr   .          Rampage  .   (no gloves)
Will    .....                   (no boots)
Stlth   +.........              (no amulet)
HPRegen 0.08/turn               (no ring)
MPRegen 0.08/turn               (no ring)

@: on berserk cooldown, slowed, very slow
A: antennae 1
a: Renounce Religion, Berserk


You were on level 1 of the Dungeon.
You worshipped Trog.
Trog was aware of your devotion.
You visited 1 branch of the dungeon, and saw 1 of its levels.

You collected 40 gold pieces.

Inventory:

Hand Weapons
 a - a +0 mace (weapon)
Armour
 b - a +0 animal skin (worn)
 c - a +0 pair of gloves


   Skills:
 + Level 3.3 Fighting
 + Level 3.0 Maces & Flails
 + Level 2.2 Armour
 + Level 2.1 Dodging


You had one spell level left.
You didn't know any spells.
Your spell library was empty.

Dungeon Overview and Level Annotations

Branches:
Dungeon (1/15)

Altars:

Shops:
D:1 [


Innate Abilities, Weirdness & Mutations

You have a pair of small antennae on your head.


Message History

You are frozen.
You escape the ball python's grasp.
The frilled lizard bites you but does no damage.
The ball python bites you but does no damage.
The ball python barely misses you.
The kobold throws a stone.
The stone hits you but does no damage. The ball python closely misses you.
The ball python grabs you. The ball python constricts you.
You escape the ball python's grasp.
The endoplasm hits you. The endoplasm closely misses you.
A red film seems to cover your vision as you go berserk!
You feel yourself moving faster!
You feel mighty! The endoplasm hits you.
You thump the endoplasm!
You kill the endoplasm!
Trog accepts your kill.
You hit the ball python.
You kill the ball python!
Trog accepts your kill.
Your Maces & Flails skill increases to level 3!
The frilled lizard bites you but does no damage.
Unknown command.
You hit the frilled lizard.
You kill the frilled lizard!
Trog accepts your kill.
You sock the kobold!
You feel the power of Trog in you as your rage grows.
You kill the kobold!
Trog accepts your kill.
Things that are here:
a +0 short sword; 4 stones; a kobold corpse You feel a strong urge to attack something.
You feel your anger nearly subside.
You are no longer berserk.
You are exhausted.
You feel yourself slow down.
Things that are here:
a +0 short sword; 4 stones; a kobold corpse You see here a +0 hunting sling.
Unknown command.
Are you sure you want to abandon this character and quit the game? (Confirm with "yes".)

#..........#
♣P.........##..♣♣)♣♣..##
............#♣.........♣
##..........#♣.♣.≈≈≈.♣.♣
.....#..###.#♣:.≈≈8≈≈..♣#.
...#..#..##.#♣.♣.≈≈≈.♣.♣#.
#......#.##.#♣.........♣#.
######...##)##..♣♣.♣♣..##.
#...@..#..♣♣P>P ♣..#.
###....##..#### .##.
###.).'...≈≈≈≈ +.
##...#.#############. #.
#####.÷#.#...............
..#.#.....##..#####.########.
.........####.#####.## ###..
............#.......)# ##...#
....#....#...####....###..###


There were no monsters in sight!

Vanquished Creatures
  2 dart slugs (D:1)
  2 bats (D:1)
  2 endoplasms (D:1)
  2 giant cockroaches (D:1)
  A goblin (D:1)
  A hobgoblin (D:1)
  3 jackals (D:1)
  A quokka (D:1)
  3 ball pythons (D:1)
  A frilled lizard (D:1)
  A kobold (D:1)
19 creatures vanquished.

Notes
Turn   | Place    | Note
-------+----------+-------------------------------------------
     0 | D:1      | sammy202020 the Demonspawn Berserker began the quest for
                  | the Orb.
     0 | D:1      | Reached XP level 1. HP: 18/18 MP: 1/1
   125 | D:1      | Found Ocuut's Armour Shop.
   140 | D:1      | Gained mutation: You have a pair of small antennae on your
                  | head. [demonic ancestry]
   140 | D:1      | Reached XP level 2. HP: 23/24 MP: 2/2
   679 | D:1      | Quit the game

Illustrated notes

Levels and vault maps discovered:
D:1:      tarquinn_simple_flora_water_b, layout_rooms, serial_shops, shop,
          supply_closet_lemuel, nrook_campfire

Skill      XL: |  1  2 |
---------------+-------+-----
Armour         | 2 |  2.2
Dodging        | 2 |  2.1
Maces & Flails | 3 |  3.0
Fighting       | |  3.3

Action                   || total
-------------------------++-------
Melee: Mace              ||    55
       Punch             ||     1
Invok: Berserk           ||     1
  Use: Scroll            ||     1
Armor: Animal skin       ||    25
Dodge: Dodged            ||    62

Table legend: (Time is in decaauts)
 A = Elapsed time spent in this place.
 B = Non-inter-level travel time spent in this place.
 C = Inter-level travel time spent in this place.
 D = Time resting spent in this place.
 E = Time spent auto-exploring this place.
 F = Levels seen in this place.
 G = Mean time per level.
                   A        B        C        D        E       F      G
               +--------+--------+--------+--------+--------+-----+--------+
         Total |    695 |    695 |      0 |    124 |    402 |   1 |  695.0 |
       Dungeon |    695 |    695 |      0 |    124 |    402 |   1 |  695.0 |
               +--------+--------+--------+--------+--------+-----+--------+

Top non-repeatable levels by time:
     D:1: 695 daAuts
